cohdb
Replays
Latest Replays
All Replays
Popular Replays
Top Player Replays
Match Explorer
How It Works
Community
CoH3 Stats
Reddit
Sign in to upload your games and track your stats! →
Sign in with Steam
Match 42748284
Unlisted
Match 42748284
Overview
Messages
Build Orders
End
Kradschützen Motorcycle Team
Selects Italian Infantry
Panzergrenadier Squad
Panzergrenadier Squad
Construct Light Support Kompanie
250 Light Carrier
Combat Half-tracks
MG34 Team
Selects Guastatori Squad
Fire Support Elements
Flakvierling Half-track
2.5-tonne Medical Truck
Selects Registered Artillery
Pak 38 Anti-tank Gun Team
le.IG 18 Mechanized Group
Registered Artillery
Guastatori Squad
Selects Towed Cannone da 105/28 Field Howitzer
Towed Cannone da 105/28 Field Howitzer
Registered Artillery
Selects Defensive Operations
Construct Panzerarmee Kommand
Registered Artillery
2.5-tonne Medical Truck
Selects Prepared Positions
xenon
Valar[M]orgHulis
KingLiA
曱甴头
Unusualsoupcan
W呆橘子W
Vito
simaogui
0
0
Comments
sign in to comment!
No comments posted yet!